 Dungeon Crawl Stone Soup version 0.30.0 (webtiles) character file.

Game seed: 16888897837982754851

18 samcosmo the Grasshopper (level 2, -1/25 HPs)
             Began as a Draconian Warper on July 5, 2023.
             Slain by a quokka (4 damage)
             ... on level 1 of the Dungeon.
             The game lasted 00:01:08 (470 turns).

samcosmo the Grasshopper (Draconian Warper)          Turns: 470, Time: 00:01:09

Health: -1/25      AC:  4    Str: 13    XL:     2   Next: 51%
Magic:  5/5        EV: 12    Int: 13    God:
Gold:   38         SH:  0    Dex: 10    Spells: 3/5 levels left

rFire   . . .        a - +0 mace
rCold   . . .        (no shield)
rNeg    . . .        (body armour unavailable)
rPois   .            (helmet restricted)
rElec   .            (no cloak)
rCorr   .            (no gloves)
SInv    .            (no boots)
Will    .....        (no amulet)
Stlth   +            (no ring)
HPRegen 0.24/turn    (no ring)
MPRegen 0.09/turn

%: no passive effects
@: no status effects
A: AC +4, unfitting armour, cold-blooded
a: no special abilities


You were on level 1 of the Dungeon.
You visited 1 branch of the dungeon, and saw 1 of its levels.

You collected 38 gold pieces.

Inventory:

Hand Weapons
 a - a +0 mace (weapon)
Missiles
 c - 7 boomerangs of dispersal (quivered)
Jewellery
 e - an amulet of guardian spirit
Scrolls
 b - a scroll of blinking
 f - 2 scrolls of identify {unknown}
 h - a scroll of summoning {unknown}
Potions
 d - a potion of haste {unknown}
 g - a potion of invisibility {unknown}
 i - a potion of heal wounds {unknown}


   Skills:
 + Level 2.5 Fighting
 * Level 2.6 Maces & Flails
 - Level 0.8 Throwing
 - Level 2.1 Dodging
 + Level 2.2 Spellcasting
 - Level 3.0 Translocations


You had 3 spell levels left.
You knew the following spells:

 Your Spells              Type           Power      Damage    Failure   Level
a - Blink                 Tloc           18%        N/A       11%         2

Your spell library contained the following spells:

 Spells                   Type           Power      Damage    Failure   Level
 Lesser Beckoning         Tloc           18%        N/A       11%         2
 Teleport Other           Tloc           9%         N/A       22%         3
 Summon Small Mammal      Summ           4%         N/A       26%         1
 Vhi's Electric Charge    Tloc/Air       10%        N/A       38%         3
 Call Canine Familiar     Summ           1%         N/A       58%         3
 Summon Guardian Golem    Hex/Summ       1%         N/A       58%         3
 Manifold Assault         Tloc           9%         N/A       58%         4


Dungeon Overview and Level Annotations

Branches:
Dungeon (1/15)

Altars:


Innate Abilities, Weirdness & Mutations

Your plain brown scales are hard. (AC +4)
You cannot fit into any form of body armour.
You are cold-blooded and may be slowed by cold attacks.


Message History

You feel yourself speed up.
A quokka comes into view.
The endoplasm hits you but does no damage.
The endoplasm freezes you.
You are frozen.
You feel yourself slow down.
The quokka moves out of view.
You barely miss the endoplasm.
The endoplasm is almost dead.
The endoplasm freezes you.
You are frozen.
The endoplasm freezes you.
You are frozen.
* * * LOW HITPOINT WARNING * * *
You feel as though you will be slow longer.
You thump the endoplasm!
You kill the endoplasm!
A quokka is nearby!
A quokka is nearby!
You are too injured to fight recklessly!
You are too injured to fight recklessly!
You see here a hobgoblin corpse.
You see here 12 gold pieces.
You are too injured to fight recklessly!
You miss the quokka.
The quokka bites you but does no damage.
The quokka closely misses you.
You miss the quokka. The quokka barely misses you.
The quokka completely misses you.
You closely miss the quokka. You punch the quokka.
The quokka is severely wounded.
You feel yourself speed up. The quokka barely misses you.
The quokka bites you. x2
* * * LOW HITPOINT WARNING * * *
You miss the quokka.
The quokka is heavily wounded.
The quokka bites you.
* * * LOW HITPOINT WARNING * * *
You closely miss the quokka.
The quokka is heavily wounded.
The quokka bites you.
You die...

..# .. ..# #.... .##
#.... .##
#....######### ..#
#............# ..#
#.....?......# ..#
###............# .##
...$..r........### )#
+###@†......+.# .#
...............#.#####
.+
....................>#
.#
.......###.#########.#
.# .##+### #.# #.# .#
... #.# .# ..... #.#
)####### .. ...# #.#
...#...### #.#


You could see a quokka.

Vanquished Creatures
  A dart slug (D:1)
  3 endoplasms (D:1)
  3 goblins (D:1)
  A hobgoblin (D:1)
  A kobold (D:1)
  2 quokkas (D:1)
  2 ball pythons (D:1)
  A frilled lizard (D:1)
14 creatures vanquished.

Notes
Turn   | Place    | Note
-------+----------+-------------------------------------------
     0 | D:1      | samcosmo the Draconian Warper began the quest for the Orb.
     0 | D:1      | Reached XP level 1. HP: 17/17 MP: 3/3
   240 | D:1      | Reached XP level 2. HP: 20/25 MP: 5/5
   282 | D:1      | Learned a level 2 spell: Blink
   470 | D:1      | Slain by a quokka

Illustrated notes

Levels and vault maps discovered:
D:1:      dpeg_arrival_three_same_balls, layout_basic, chequers_big_river,
          minmay_misc_feat_x

Action                     || total
---------------------------++-------
  Melee: Mace              ||    36
         Tailslap          ||     4
         Punch             ||     1
 Armour: Skin              ||     8
  Dodge: Dodged            ||    17
